 Dungeon Crawl Stone Soup version 0.25-a0-942-g87a53962fc (webtiles) character file.

Game seed: 7887263611835923168, levelgen mode: deterministic

95 tilp the Skirmisher (level 4, 0/29 HPs)
             Began as a Kobold Arcane Marksman on May 7, 2020.
             Slain by a bullfrog skeleton (6 damage)
             ... on level 2 of the Dungeon.
             The game lasted 00:06:12 (2766 turns).

tilp the Skirmisher (Kobold Arcane Marksman)        Turns: 2766, Time: 00:06:13

Health: 0/29       AC:  2    Str:  8    XL:     4   Next: 97%
Magic:  1/6        EV: 15    Int: 14    God:
Gold:   89         SH:  0    Dex: 15    Spells: 3/6 levels left

rFire    . . .     SeeInvis .   a - +0 hand crossbow
rCold    . . .     Gourm    .   (shield restricted)
rNeg     + . .     Faith    .   e - +0 robe
rPois    .         Spirit   .   (no helmet)
rElec    .         Reflect  .   (no cloak)
rCorr    .         Harm     .   (no gloves)
MR       .....                  (no boots)
Stlth    +.........             (no amulet)
HPRegen  0.09/turn              h - ring of positive energy
MPRegen  0.10/turn              n - ring of wizardry

@: stab
A: small, carnivore
a: no special abilities


You were on level 2 of the Dungeon.
You were completely stuffed.

You visited 1 branch of the dungeon, and saw 2 of its levels.

You collected 89 gold pieces.

Inventory:

Hand Weapons
 a - a +0 hand crossbow (weapon)
 b - a +0 dagger
 j - a +0 hand axe
Missiles
 d - a bolt (quivered)
Armour
 e - a +0 robe (worn)
Jewellery
 h - a ring of positive energy (left hand)
 n - a ring of wizardry (right hand)
 q - an uncursed amulet of guardian spirit {unknown}
Scrolls
 f - a scroll of fog {unknown}
 g - a scroll of identify {unknown}
 i - a scroll of noise {unknown}
 k - 2 scrolls of remove curse
Potions
 l - a potion of flight {unknown}
 m - a potion of stabbing
 p - a potion of might {unknown}
Comestibles
 c - a ration
 o - a chunk of flesh


   Skills:
 - Level 4.0 Fighting
 - Level 2.4 Crossbows
 - Level 2.4 Dodging
 + Level 1.9 Spellcasting
 + Level 3.4 Hexes


You had 3 spell levels left.
You knew the following spells:

 Your Spells              Type           Power        Failure   Level  Hunger
a - Corona                Hex            ##.....      2%          1    ##.....
b - Slow                  Hex            ##......     3%          2    ###....

Your spell library contained the following spells:

 Spells                   Type           Power        Failure   Level  Hunger
 Inner Flame              Hex/Fire       #.......     14%         3    ####...
 Portal Projectile        Hex/Tloc       #.....       14%         3    ####...
 Cause Fear               Hex            ##........   24%         4    #####..
 Leda's Liquefaction      Hex/Erth       #.........   41%         4    #####..


Dungeon Overview and Level Annotations

Branches:
Dungeon (2/15)

Altars:


Innate Abilities, Weirdness & Mutations

You are small and have problems with some larger weapons.
You are carnivorous and can eat meat at any time.


Message History

Aim: a bullfrog skeleton (moderately damaged, softly glowing)
You shoot a bolt.
The bolt hits the bullfrog skeleton but does no damage.
The bullfrog skeleton is moderately damaged.
The bullfrog skeleton completely misses you. x2
Firing (i - inventory)
d - 2 bolts (quivered)
Press: ? - help, Shift-Dir - straight line, f/p - bullfrog skeleton
Aim: a bullfrog skeleton (moderately damaged, softly glowing)
You shoot a bolt.
The bolt completely misses the bullfrog skeleton.
The bullfrog skeleton hits you.
* * * LOW HITPOINT WARNING * * *
The bullfrog skeleton barely misses you.
The bullfrog skeleton stops glowing.
The bullfrog skeleton barely misses you.
The bullfrog skeleton hits you.
* * * LOW HITPOINT WARNING * * *
Items here: ( )) †††† The bullfrog skeleton hits you.
You die...

###.####.#.....# #.#
.........#.....###.#
###.####....(......# # #.#
###.....##..######.# #.#
####.....#....S.....#
###.###...##...#.###.###..#
.#..........÷....# .!$
.#...........#.#(# r.## #
.#.###########.#@#


gS. .### .#.## #..Z#######..... .#..# #(..).......# .##.# #.####.#.#### .##.#
#.# #...# .##.# ###.# ###.# .##.# #...# #.# .##.# #.### #.# .##.########.#####
#.# You could see a bullfrog skeleton.

Vanquished Creatures
  4 adders (D:2)
  3 dart slugs
  2 leopard geckos (D:1)
  A ball python (D:1)
  4 bats (D:1)
  A giant cockroach (D:1)
  8 goblins
  7 hobgoblins
  7 jackals (D:1)
  A quokka (D:2)
  2 frilled lizards (D:1)
  A kobold (D:2)
  6 rats
47 creatures vanquished.

Notes
Turn   | Place    | Note
-------+----------+-------------------------------------------
     0 | D:1      | tilp the Kobold Arcane Marksman began the quest for the
                  | Orb.
     0 | D:1      | Reached XP level 1. HP: 12/12 MP: 2/2
   322 | D:1      | Reached skill level 2 in Fighting
   322 | D:1      | Reached XP level 2. HP: 17/17 MP: 0/3
   359 | D:1      | Learned a level 2 spell: Slow
  1050 | D:1      | Reached skill level 3 in Fighting
  1050 | D:1      | Reached XP level 3. HP: 23/23 MP: 2/4
  2050 | D:2      | Reached skill level 4 in Fighting
  2050 | D:2      | Reached XP level 4. HP: 29/29 MP: 3/5
  2766 | D:2      | Slain by a bullfrog skeleton

Levels and vault maps discovered:
D:1:      minmay_arrival_diagonal_passages, layout_basic,
          palyth_stone_intersect, st_stairs_3
D:2:      layout_loops_ring, kiku_gazebo_garden_becter, old_standard_altar,
          minmay_split_cup_large

Skill      XL: |  1  2  3 |
---------------+----------+-----
Fighting       | 2 3 4 |  4.0
Crossbows      | |  2.4
Dodging        | |  2.4
Spellcasting   | |  1.9
Hexes          | |  3.4

Action                   |  1- 3 |  4- 6 || total
-------------------------+-------+-------++-------
Melee: Dagger            |    88 |    35 ||   123
 Fire: Hand crossbow     |    40 |    22 ||    62
 Cast: Corona            |    37 |    14 ||    51
       Slow              |       |     2 ||     2
  Use: Scroll            |       |     1 ||     1
       Potion            |       |     1 ||     1
 Stab: Sleeping          |     1 |     1 ||     2
  Eat: Chunk             |    13 |     3 ||    16
Armor: Robe              |    15 |     5 ||    20
Dodge: Dodged            |    90 |    45 ||   135

Table legend:
 A = Non-vault XP
 B = Vault XP
 C = Vault XP percentage of total XP
 D = Non-vault monster count
 E = Vault monster count
 F = Vault count percentage of total count
                 A         B        C        D         E       F
            +---------+---------+-------+---------+---------+-------
      Total |     109 |      28 |  20.4 |      40 |       7 |  14.9
            +---------+---------+-------+---------+---------+-------
        D:1 |      56 |       9 |  13.8 |      31 |       3 |   8.8
        D:2 |      53 |      19 |  26.4 |       9 |       4 |  30.8
            +---------+---------+-------+---------+---------+-------
